 Dungeon Crawl Stone Soup version 0.21.1-68-g103a7afc0a (webtiles) character file.

221722 HivePlant the Fencer (level 18, 176/176 HPs)
             Began as a Minotaur Berserker on July 12, 2018.
             Was the Champion of Trog.
             Quit the game on level 4 of the Snake Pit on Aug 2, 2018.
             The game lasted 04:00:48 (41974 turns).

HivePlant the Fencer (Minotaur Berserker)          Turns: 41974, Time: 04:00:49

Health: 176/176    AC: 23    Str: 24    XL:     18   Next: 51%
Magic:  7/7        EV: 15    Int:  4    God:    Trog [******]
Gold:   3059       SH:  0    Dex: 16    Spells: 17/17 levels left

rFire    + . .     SeeInvis .   U - +4 great sword (antimagic)
rCold    + . .     Gourm    .   (shield currently unavailable)
rNeg     . . .     Faith    .   n - +1 plate armour
rPois    +         Spirit   .   g - +0 hat
rElec    .         Reflect  .   (no cloak)
rCorr    .         Harm     .   d - +0 pair of gloves of the Other World {rPois rC+ Stlth-}
MR       ++...                  e - +0 pair of boots
Stlth    ..........             (no amulet)
HPRegen  0.39/turn              M - ring of protection from magic
MPRegen  0.10/turn              S - ring "Eqaat" {+Fly rF+ Slay+3}

@: no status effects
A: retaliatory headbutt, hooves 1, horns 2, blink
}: 1/15 runes: serpentine
a: Blink, Berserk, Trog's Hand, Brothers in Arms, Burn Spellbooks, Renounce
Religion, Evoke Flight


You were on level 4 of the Snake Pit.
You worshipped Trog.
Trog was exalted by your worship.
You were not hungry.

You visited 6 branches of the dungeon, and saw 31 of its levels.
You also visited: Labyrinth, Sewer and Ossuary.

You collected 3183 gold pieces.
You spent 124 gold pieces at shops.

Inventory:

Hand Weapons
 w - a +5 great sword of holy wrath
 U - a +4 antimagic great sword (weapon)
 V - a +2 antimagic demon blade
Missiles
 j - 13 javelins of penetration
 o - 19 poisoned javelins
 x - 4 tomahawks of dispersal
 B - 4 tomahawks (quivered)
 D - 2 steel tomahawks
 P - 3 silver javelins
 W - 3 javelins
 Y - 6 poisoned tomahawks
Armour
 d - the +0 pair of gloves of the Other World (worn) {rPois rC+ Stlth-}
   (You acquired it on level 1 of the Elven Halls)

   It protects you from cold.
   It protects you from poison.
   It makes you less stealthy.
 e - a +0 pair of boots (worn)
 g - a +0 hat (worn)
 n - a +1 plate armour (worn)
 F - a +2 large shield of protection
 G - a +0 shield of reflection
Jewellery
 M - a ring of protection from magic (left hand)
 S - the ring "Eqaat" (right hand) {+Fly rF+ Slay+3}
   (You found it on level 4 of the Lair of Beasts)

   [ring of flight]

   It affects your accuracy and damage with ranged weapons and melee attacks
   (+3).
   It protects you from fire.
   It lets you fly.
Wands
 m - a wand of iceblast (15)
 s - a wand of digging (42)
 E - a wand of polymorph (49)
 H - a wand of random effects (109)
 I - a wand of scattershot (7)
 K - a wand of acid (38)
 O - a wand of paralysis (74)
 Q - a wand of flame (28)
 Z - a wand of disintegration (48)
Scrolls
 a - 2 scrolls of immolation
 f - a scroll of torment {unknown}
 h - 6 scrolls of blinking
 k - 7 scrolls of remove curse
 l - 6 scrolls of enchant weapon
 q - a scroll of holy word
 t - 4 scrolls of magic mapping
 v - 12 scrolls of teleportation
 y - 6 scrolls of fear
 z - 7 scrolls of identify
 L - 2 scrolls of fog
 R - 4 scrolls of enchant armour
Potions
 b - a potion of agility
 i - 6 potions of might
 p - 10 potions of curing
 r - 8 potions of lignification
 A - 2 potions of resistance
 C - 5 potions of haste
Miscellaneous
 N - a fan of gales
Comestibles
 c - 25 rations
 u - 3 chunks of flesh


   Skills:
 * Level 19.2 Fighting
 * Level 19.9 Long Blades
 - Level 9.9 Throwing
 * Level 19.3 Armour
 - Level 11.5 Dodging
 - Level 6.8 Shields
 - Level 7.3 Evocations


You had 17 spell levels left.
You didn't know any spells.

Dungeon Overview and Level Annotations

Branches:
Dungeon (15/15)            Temple (0/1) D:5            Lair (6/6) D:10
  Swamp (3/4) Lair:2        Snake (4/4) Lair:2        Slime (0/5) Lair:6
    Orc (2/2) D:12            Elf (1/3) Orc:2        Vaults (0/5) D:13
 Depths (0/5) D:15

Altars:
Cheibriados
Fedhas
Gozag
The Shining One
Beogh
Jiyva

Shops:
D:8 ?%[?   D:15 *([:   Orc:2 (::[*:   Snake:1 }   Snake:4 **[}

Annotations:
D:10 exclusion: obsidian statue
Lair:6 exclusion: 2 oklob plants


Innate Abilities, Weirdness & Mutations

You reflexively headbutt those who attack you in melee.
You have a pair of horns on your head.
You have large cloven feet.
You can translocate small distances at will.


Message History

The mana viper is heavily wounded.
You slash the mana viper!
The mana viper is severely wounded.
The mana viper closely misses you. You furiously retaliate!
You headbutt the mana viper. You hit the mana viper.
The mana viper is almost dead.
The mana viper bites you but does no damage.
You hit the mana viper. Your headbutt misses the mana viper.
The mana viper is almost dead.
The mana viper closely misses you.
You riposte.
You barely miss the mana viper.
You kill the mana viper!
Trog accepts your kill.
Saving game... please wait.
Welcome back, HivePlant the Minotaur Berserker.
Trog says: Kill them all!
Press ? for a list of commands and other information.
Clearing level map.
Clearing level map.
Are you sure you want to abandon this character and quit the game? (Confirm with "yes".)

.......#...≈≈##...##........##...
.......#....≈#...##..≈≈≈≈≈≈..##..
.......#.....'...#...≈≈≈≈≈≈≈..#..
.......###########.≈≈≈≈≈≈≈≈≈≈.##'
......## ##...###..≈≈≈≈≈≈≈≈≈≈..##
##....# ##.....##†≈≈≈≈≈≈≈≈≈≈≈≈.#.
###### #.......§.§≈≈≈≈≈≈≈≈≈≈≈.'.
#.......§§§≈≈≈≈≈≈≈≈≈≈≈.#.
#.......@§§≈≈≈≈≈≈≈≈≈≈≈.##
##.....##§§≈≈≈≈≈≈≈≈≈≈..##
##...####(§≈≈≈≈≈≈≈≈≈.## #####
#.(§≈≈≈≈≈≈≈..# #(.≈≈≈≈≈≈..##
##§(......## ###.(..### ######


There were no monsters in sight!

Vanquished Creatures
  The ghost of cokecookie the Warrior, an adept DrFE of Kikubaaqudgha (Snake:3)
  Kirke (Elf:1)
  Donald (Elf:1)
  11 nagarajas
  Azrael (Snake:3)
  A minotaur (Lab)
  An ogre mage (D:14)
  A deep elf high priest (Elf:1)
  A yaktaur captain (D:15)
  The ghost of Schimscham the Destroyer, a journeyman OpWz of Sif Muna (D:9)
  2 vault guards (D:13)
  17 hydras
  Erolcha (Orc:2)
  13 naga warriors
  A ghost crab (Swamp:1)
  3 catoblepae (Lair:6)
  Erica (D:8)
  4 centaur warriors
  2 alligators (Swamp:1)
  9 two-headed ogres
  3 dancing weapons (Elf:1)
  8 death yaks (Lair:6)
  12 anacondas
  15 shock serpents
  20 naga sharpshooters
  3 deep elf knights (Elf:1)
  5 orc high priests (Orc:2)
  7 salamander mystics
  4 swamp dragons
  A shambling mangrove (Swamp:2)
  2 deep elf archers (Elf:1)
  5 naga ritualists
  8 orc knights
  A wizard (D:13)
  4 lindwurms (Snake:4)
  2 necromancers (D:13)
  Pikel (D:6)
  18 deep elf magi
  15 mana vipers
  17 slime creatures
  13 ugly things
  3 cyclopes
  14 elephants
  7 salamanders
  4 manticores
  2 orc sorcerers (Orc:2)
  49 black mambas
  8 guardian serpents
  21 naga magi
  17 spiny frogs
  The ghost of letownia the Insei, a novice DsGl of Ru (D:8)
  4 rime drakes
  4 komodo dragons
  A freezing wraith (D:15)
  2 yaktaurs
  A minotaur zombie (Lab)
  3 meliai (D:15)
  A tengu conjurer (D:10)
  3 trolls
  3 tyrant leeches
  A polar bear (Lair:4)
  8 hornets
  18 blink frogs
  7 bog bodies
  11 hippogriffs
  A meliai zombie (D:12)
  A spriggan (Swamp:2)
  An air elemental (Elf:1)
  A shadow (D:11)
  A spriggan (shapeshifter) (D:14)
  23 yaks
  3 wyverns
  Grum (D:8)
  2 water elementals (Elf:1)
  2 basilisks
  4 fire elementals
  19 humans (D:13)
  20 vampire mosquitoes
  3 wargs
  5 insubstantial wisps (Swamp:1)
  2 hell hounds (Snake:3)
  42 nagas
  8 swamp worms
  Duvessa (D:7)
  11 water moccasins
  8 porcupines
  36 orc warriors
  6 swamp drakes (Swamp:1)
  2 black bears
  6 ice beasts
  2 sky beasts
  15 ogres
  3 phantoms
  19 wolves
  12 centaurs
  11 crocodiles
  A big kobold (Sewer)
  A wyvern zombie (D:11)
  18 bullfrogs
  An earth elemental (Elf:1)
  An elf zombie (Ossuary)
  Dowan (D:7)
  14 killer bees
  A howler monkey (D:9)
  3 wights (D:14)
  2 electric eels (Orc:1)
  13 crimson imps
  2 bullfrog zombies
  5 centaur zombies
  6 hounds
  3 jellies
  4 bullfrog skeletons
  A gnoll shaman (D:8)
  21 orc priests
  A human zombie (Ossuary)
  3 centaur skeletons
  4 iguanas
  Natasha (twice) (D:2)
  9 worker ants
  17 orc wizards
  2 big kobold zombies (Ossuary)
  A hound skeleton (D:8)
  2 mummies (Ossuary)
  A worker ant zombie (D:6)
  A howler monkey skeleton (D:9)
  5 gnolls
  11 adders
  3 river rats (Sewer)
  6 shadow imps
  2 oozes (D:3)
  2 adder zombies
  3 worms
  2 dart slugs (D:3)
  4 leopard geckos
  72 orcs
  5 ball pythons
  7 giant cockroaches
  7 goblins
  8 hobgoblins
  4 jackals (D:1)
  6 quokkas
  5 bats
  8 frilled lizards
  A goblin zombie (Ossuary)
  10 hobgoblin zombies (Ossuary)
  2 jackal zombies (Ossuary)
  18 kobolds
  14 kobold zombies (Ossuary)
  5 orc zombies (Ossuary)
  A quokka zombie (D:5)
  26 rats
  A fungus (Lair:6)
  A plant (Lair:6)
1081 creatures vanquished.

Vanquished Creatures (collateral kills)
  Gastronok (D:8)
  Frances (Elf:1)
  The ghost of zuik the Impaler, a journeyman MfBe of Trog (Lair:2)
  3 deep elf knights (Elf:1)
  An orc knight (Orc:1)
  4 deep elf magi (Elf:1)
  An orc sorcerer (Orc:1)
  A salamander (Snake:4)
  5 elephants (Lair:5)
  2 naga magi (Snake:4)
  A spiny frog (Lair:5)
  A torpor snail (Lair:5)
  A yak (Lair:5)
  A naga (Snake:4)
  2 orc warriors (Orc:1)
  2 ogres (Orc:1)
  A hound (D:10)
29 creatures vanquished.

Vanquished Creatures (others)
  A naga ritualist (Snake:4)
  A tyrant leech (Swamp:2)
  A worm (D:6)
  25 bushes (D:15)
  8 fungi
  7 plants
43 creatures vanquished.

Grand Total: 1153 creatures vanquished

Notes
Turn   | Place    | Note
-------+----------+-------------------------------------------
     0 | D:1      | HivePlant the Minotaur Berserker began the quest for the Orb.
     0 | D:1      | Reached XP level 1. HP: 19/19 MP: 0/0
   386 | D:1      | Reached XP level 2. HP: 22/26 MP: 1/1
   435 | D:1      | Reached skill level 5 in Long Blades
   441 | D:1      | Reached XP level 3. HP: 8/31 MP: 2/2
   453 | D:1      | HP: 1/31 [poisoned by a goblin]
  1458 | D:2      | Reached ** piety under Trog
  1491 | D:2      | Noticed Natasha
  1496 | D:2      | Killed Natasha
  1496 | D:2      | Reached XP level 4. HP: 40/40 MP: 3/3
  1926 | D:2      | Found a glowing golden altar of the Shining One.
  2201 | D:2      | Noticed Natasha
  2214 | D:2      | Killed Natasha
  2670 | D:3      | Reached XP level 5. HP: 47/47 MP: 4/4
  3838 | D:4      | Reached skill level 1 in Shields
  4064 | D:5      | Entered Level 5 of the Dungeon
  4072 | D:5      | Reached skill level 5 in Fighting
  4072 | D:5      | Reached XP level 6. HP: 56/56 MP: 5/5
  4180 | D:5      | Found a staircase to the Ecumenical Temple.
  4184 | D:5      | Noticed an ice beast
  4190 | D:5      | Killed an ice beast
  4273 | D:5      | Reached *** piety under Trog
  4273 | D:5      | Reached XP level 7. HP: 56/61 MP: 6/6
  4355 | D:5      | Reached skill level 1 in Throwing
  4574 | D:6      | Found a sand-covered staircase.
  4630 | Ossuary  | Entered an ossuary
  4723 | Ossuary  | Reached **** piety under Trog
  4964 | D:6      | Reached skill level 5 in Dodging
  4964 | D:6      | Reached XP level 8. HP: 60/70 MP: 7/7
  4989 | D:6      | Found a glowing drain.
  4990 | D:6      | Noticed Pikel
  4996 | D:6      | Killed Pikel
  5014 | Sewer    | Entered a sewer
  5261 | Sewer    | Received a gift from Trog
  5342 | Sewer    | Reached ***** piety under Trog
  5590 | D:6      | Reached skill level 5 in Armour
  5652 | D:6      | Received a gift from Trog
  5887 | D:6      | Reached XP level 9. HP: 76/79 MP: 8/8
  5888 | D:6      | Found a blossoming altar of Fedhas.
  6284 | D:7      | Found an opulent altar of Gozag.
  6375 | D:7      | Reached skill level 1 in Evocations
  6552 | D:7      | Noticed Duvessa
  6564 | D:7      | Killed Duvessa
  6685 | D:7      | Noticed Dowan
  6697 | D:7      | Killed Dowan
  7029 | D:7      | Received a gift from Trog
  7484 | D:8      | Noticed Erica
  7507 | D:8      | Killed Erica
  7635 | D:8      | Noticed Gastronok
  7652 | D:8      | Killed Gastronok
  7652 | D:8      | Reached skill level 5 in Throwing
  7652 | D:8      | Reached XP level 10. HP: 87/91 MP: 9/11
  7725 | D:8      | Found Borau's Antique Armour Shop.
  7733 | D:8      | Found Totwaoff's Food Shop.
  7763 | D:8      | Received a gift from Trog
  7770 | D:8      | Noticed letownia's ghost (novice DsGl)
  7787 | D:8      | Killed letownia's ghost
  7787 | D:8      | Reached skill level 10 in Long Blades
  8015 | D:8      | Found Happ's Magic Scroll Shoppe.
  8081 | D:8      | Noticed Grum
  8090 | D:8      | Killed Grum
  8197 | D:8      | Found Ammefroiq's Magic Scroll Shoppe.
  8202 | D:8      | Bought a scroll of teleportation for 33 gold pieces
  8202 | D:8      | Bought a scroll of identify for 22 gold pieces
  8202 | D:8      | Bought a scroll of teleportation for 33 gold pieces
  8632 | D:9      | Noticed Schimscham's ghost (journeyman OpWz)
  8638 | D:9      | Reached skill level 10 in Fighting
  8648 | D:9      | Killed Schimscham's ghost
  8648 | D:9      | Reached XP level 11. HP: 99/99 MP: 12/12
  8958 | D:9      | Received a gift from Trog
  9163 | D:10     | Entered Level 10 of the Dungeon
  9378 | D:10     | Noticed a two-headed ogre
  9384 | D:10     | Killed a two-headed ogre
  9540 | D:10     | Noticed a two-headed ogre
  9548 | D:10     | Killed a two-headed ogre
  9579 | D:10     | Received a gift from Trog
  9723 | D:10     | Noticed an obsidian statue
  9753 | D:10     | Found a staircase to the Lair.
 10102 | D:11     | Noticed a green ugly thing
 10274 | Lair:1   | Entered Level 1 of the Lair of Beasts
 10717 | Lair:1   | Reached skill level 10 in Armour
 10815 | Lair:1   | Gained mutation: You have large cloven feet. [potion of mutation]
 10815 | Lair:1   | Gained mutation: You can translocate small distances at will. [potion of mutation]
 11291 | Lair:2   | Found a staircase to the Snake Pit.
 11415 | Lair:2   | Found a staircase to the Swamp.
 11431 | Lair:2   | Received a gift from Trog
 11500 | Lair:2   | Noticed zuik's ghost (journeyman MfBe)
 11506 | Lair:2   | Killed zuik's ghost
 11506 | Lair:2   | Reached XP level 12. HP: 83/110 MP: 14/14
 11811 | Lair:2   | Noticed a six-headed hydra
 11818 | Lair:2   | Killed a four-headed hydra
 12065 | Lair:3   | Reached skill level 5 in Evocations
 12127 | Lair:3   | Noticed a five-headed hydra
 12135 | Lair:3   | Killed a four-headed hydra
 12785 | Lair:4   | Found a blossoming altar of Fedhas.
 13176 | Lair:4   | Got a sparkling pewter ring
 13557 | Lair:5   | Noticed a seven-headed hydra
 13567 | Lair:5   | Killed a four-headed hydra
 13694 | Lair:5   | Reached XP level 13. HP: 119/119 MP: 16/16
 13724 | Lair:5   | Found a labyrinth entrance.
 13742 | Lab      | Entered a labyrinth
 14047 | Lab      | Noticed a minotaur
 14053 | Lab      | Killed a minotaur
 14145 | Lair:5   | Received a gift from Trog
 14158 | Lair:5   | Identified the ring "Eqaat" {+Fly rF+ Slay+3} (You found it on level 4 of the Lair of Beasts)
 14576 | Lair:6   | Entered Level 6 of the Lair of Beasts
 14661 | Lair:6   | Received a gift from Trog
 15804 | Lair:6   | Found a staircase to the Slime Pits.
 15804 | Lair:6   | Found a viscous altar of Jiyva.
 15917 | Lair:6   | Reached skill level 10 in Dodging
 15926 | Lair:6   | Reached XP level 14. HP: 130/130 MP: 18/18
 16739 | D:10     | Received a gift from Trog
 17249 | D:12     | Received a gift from Trog
 17427 | D:12     | Found a staircase to the Orcish Mines.
 17505 | D:12     | Received a gift from Trog
 17565 | D:12     | Found a roughly hewn altar of Beogh.
 18721 | D:13     | Found a gate to the Vaults.
 18829 | D:13     | Identified a scroll of acquirement
 19149 | D:14     | Received a gift from Trog
 19479 | D:14     | Reached skill level 15 in Long Blades
 19906 | D:14     | Found a snail-covered altar of Cheibriados.
 20184 | D:15     | Entered Level 15 of the Dungeon
 20386 | D:15     | Received a gift from Trog
 20386 | D:15     | Reached skill level 5 in Shields
 20432 | D:15     | Reached XP level 15. HP: 125/139 MP: 19/19
 20478 | D:15     | Found Aconi's Book Boutique.
 20515 | D:15     | Found Bampy's Weapon Shop.
 20974 | D:15     | Found Lassik's Assorted Antiques.
 21034 | D:15     | Received a gift from Trog
 21044 | D:15     | Found Zopsynuu's Antique Armour Shop.
 21616 | D:15     | Found a staircase to the Depths.
 22047 | Swamp:1  | Entered Level 1 of the Swamp
 22205 | Swamp:1  | Reached skill level 15 in Fighting
 22209 | Swamp:1  | Received a gift from Trog
 22991 | Swamp:1  | Reached skill level 15 in Armour
 23939 | Swamp:2  | Received a gift from Trog
 24525 | Swamp:2  | Received a gift from Trog
 25665 | Orc:1    | Entered Level 1 of the Orcish Mines
 26035 | Orc:1    | Reached XP level 16. HP: 109/149 MP: 20/20
 26169 | Orc:1    | Reached ****** piety under Trog
 26491 | Orc:2    | Entered Level 2 of the Orcish Mines
 26495 | Orc:2    | Found Pabiom's General Store.
 26574 | Orc:2    | Received a gift from Trog
 26622 | Orc:2    | Found Qupoak's Book Boutique.
 26663 | Orc:2    | Noticed Erolcha
 26778 | Orc:2    | Killed Erolcha
 26984 | Orc:2    | Found a staircase to the Elven Halls.
 26998 | Orc:2    | Received a gift from Trog
 27096 | Orc:2    | Received a gift from Trog
 27539 | Orc:2    | Received a gift from Trog
 27610 | Orc:2    | Found Momidd's Antique Weapon Shoppe.
 27613 | Orc:2    | Found Obohul's Book Emporium.
 27614 | Orc:2    | Found Tosihy's Antique Armour Shoppe.
 27615 | Orc:2    | Found Taob's Book Shoppe.
 27904 | Elf:1    | Entered Level 1 of the Elven Halls
 28582 | Elf:1    | Noticed Donald
 28595 | Elf:1    | Killed Donald
 28721 | Elf:1    | Noticed Frances
 28726 | Elf:1    | Killed Frances
 28971 | Elf:1    | Received a gift from Trog
 29214 | Elf:1    | Noticed Kirke
 29223 | Elf:1    | Killed Kirke
 29483 | Elf:1    | Got a pair of heavily runed gloves
 29494 | Elf:1    | Identified the +0 pair of gloves of the Other World {rPois rC+ Stlth-} (You acquired it on level 1 of the Elven Halls)
 29646 | Snake:1  | Entered Level 1 of the Snake Pit
 31172 | Snake:1  | Received a gift from Trog
 31725 | Snake:1  | Found Ikaukh's Gadget Shop.
 33090 | Snake:2  | Reached XP level 17. HP: 157/161 MP: 2/21
 34176 | Snake:3  | Noticed Azrael
 34184 | Snake:3  | Killed Azrael
 36140 | Snake:3  | Noticed cokecookie's ghost (adept DrFE)
 36159 | Snake:3  | Killed cokecookie's ghost
 36159 | Snake:3  | Received a gift from Trog
 37089 | Snake:4  | Entered Level 4 of the Snake Pit
 37995 | Snake:4  | Received a gift from Trog
 38151 | Snake:4  | Found Rinid's Assorted Antiques.
 38161 | Snake:4  | Bought a scroll labeled WUORYZ WEPE for 36 gold pieces
 38194 | Snake:4  | Found Aworin's General Store.
 38451 | Snake:4  | Found Huexupp's Armour Shop.
 39077 | Snake:4  | Reached XP level 18. HP: 83/173 MP: 7/22
 39569 | Snake:4  | HP: 8/173 [poisoned by a naga mage (splash of poison)]
 39580 | Snake:4  | Received a gift from Trog
 39621 | Snake:4  | Found Irphuuxzar's Gadget Shoppe.
 41957 | Snake:4  | Got a serpentine rune of Zot
 41974 | Snake:4  | Upgraded the game from 0.21.1-1-g345015fe64 to 0.21.1-68-g103a7afc0a
 41974 | Snake:4  | Quit the game

Skill      XL: |  1  2  3  4  5  6  7  8  9 10 11 12 13 14 15 16 17 18 |
---------------+-------------------------------------------------------+-----
Long Blades    | 4 5 6 7 8 9 10 11 13 14 15 16 18 19 | 19.9
Fighting       | 4 5 6 7 9 10 11 12 13 14 15 17 18 19 | 19.2
Dodging        | 3 4 5 6 7 8 9 10 11 | 11.5
Shields        | 1 2 3 4 5 6 |  6.8
Throwing       | 2 3 5 6 7 8 9 |  9.9
Armour         | 4 5 7 9 10 11 13 14 15 17 18 19 | 19.3
Evocations     | 2 3 4 5 6 7 |  7.3

Action                   |  1- 3 |  4- 6 |  7- 9 | 10-12 | 13-15 | 16-18 || total
-------------------------+-------+-------+-------+-------+-------+-------++-------
Melee: Falchion          |    48 |   100 |   242 |       |       |       ||   390
       Headbutt          |     7 |    17 |   100 |    94 |   229 |   235 ||   682
       Long sword        |       |       |   162 |       |       |       ||   162
       Scimitar          |       |       |     9 |   395 |   433 |       ||   837
       Great sword       |       |       |       |       |   340 |   855 ||  1195
Throw: Tomahawk          |     8 |    30 |     7 |   135 |   287 |   257 ||   724
       Stone             |       |    35 |       |       |       |       ||    35
       Javelin           |       |     6 |    55 |    53 |   148 |   185 ||   447
Invok: Berserk           |     1 |     1 |     6 |     6 |    13 |    15 ||    42
       Brothers in Arms  |       |       |     1 |     3 |     3 |     3 ||    10
       Trog's Hand       |       |       |       |     1 |     3 |     4 ||     8
       Burn Spellbooks   |       |       |       |       |     6 |       ||     6
 Abil: Blink             |       |       |       |       |     1 |     4 ||     5
       Evoke Flight      |       |       |       |       |     3 |       ||     3
Evoke: Wand              |       |       |       |       |     5 |     2 ||     7
  Use: Scroll            |       |     1 |    13 |     5 |    15 |     8 ||    42
       Potion            |       |       |     2 |     2 |     8 |     9 ||    21
 Stab: Distracted        |       |       |       |       |     1 |       ||     1
       Petrified         |       |       |       |       |     3 |       ||     3
  Eat: Chunk             |     2 |     5 |     8 |    19 |    26 |    21 ||    81
       Ration            |       |     1 |     3 |     2 |     9 |    13 ||    28
Armor: Animal skin       |     9 |     5 |       |       |       |       ||    14
       Chain mail        |       |    46 |    97 |       |       |       ||   143
       Plate armour      |       |       |    57 |   177 |   343 |   427 ||  1004
Dodge: Dodged            |    34 |    56 |   154 |   182 |   358 |   523 ||  1307
Block: Buckler           |       |     2 |    60 |    81 |    52 |       ||   195
       Rpst.: Falchion   |    10 |    18 |    27 |       |       |       ||    55
       Long sword        |       |       |     5 |       |       |       ||     5
       Scimitar          |       |       |     1 |    52 |    45 |       ||    98
       Great sword       |       |       |       |       |    44 |    95 ||   139
